[Event "Rosh Hashanah Rapid 2022"]
[Site "Ramat Gan"]
[Date "2022.09.25"]
[Round "1.1"]
[White "Parkhov, Yair"]
[Black "Levitan, Ronit"]
[Result "1-0"]
[ECO "E23"]
[WhiteElo "2479"]
[BlackElo "2160"]
[Annotator "TA"]
[PlyCount "59"]
[EventDate "2022.09.25"]
[EventType "rapid"]
[EventCountry "ISR"]
[SourceTitle "playchess.com"]
[Source "ChessBase"]
[SourceQuality "1"]
[TimeControl "900+5"]

1. c4 e6 2. d4 Nf6 3. Nc3 Bb4 4. Qb3 c5 5. dxc5 Nc6 6. Nf3 O-O {[%emt 0:00:30] E23: Nimzo-Indian: 4 Qb3 c5 5 dxc5 Nc6.} 7. Bg5 h6 8. Bxf6 Qxf6 {[%emt 0:00:05] The position is equal.} 9. g3 {[%emt 0:00:06] [#]} Bxc5 $146 ({Predecessor:} 9... b6 10. cxb6 Bb7 11. Bg2 Bxc3+ 12. bxc3 Na5 13. Qb4 Nc6 14. Qb3 Na5 15. Qb4 Nc6 16. Qb3 {½-½ (16) Drozdovskij,Y (2627)-Szabo,K (2513) Rijeka 2010}) 10. Bg2 b6 11. O-O Bb7 12. Ne4 Qe7 13. Rfd1 Rfd8 14. Rac1 Rac8 15. Qa4 Qf8 (15... f5 $5 16. Nxc5 bxc5 $11) 16. a3 Be7 17. b4 {[%emt 0:00:03] [#]} (17. Ne1 $11) 17... d5 (17... Nxb4 $1 $15 18. axb4 (18. Qxa7 Bxe4) 18... Bxe4 19. Qxa7 Bxb4 20. Rxd7 Rxd7 21. Qxd7 Rd8) 18. cxd5 $11 exd5 19. Ned2 Bf6 $2 (19... Qe8 $11) 20. e3 $2 ({White has to play} 20. Bh3 $18) 20... a6 21. Qb3 b5 22. Qb1 d4 23. e4 Qe7 24. Nb3 Nxb4 $2 25. Rxc8 ({Weaker is} 25. axb4 Bxe4 26. Qa2 Qxb4 $14) 25... Rxc8 {[%emt 0:00:06] [#]} 26. axb4 $2 ({White must play} 26. e5 $1 $18) 26... Qxb4 $2 (26... Bxe4 $14 27. Qa2 Qxb4) 27. e5 $18 ({Less strong is} 27. Nfxd4 g6 28. Qa2 Be5 $18) 27... Bxf3 28. Bxf3 Bxe5 29. Qf5 Qc3 (29... Rd8 $142) 30. Rc1 {[%emt 0:00:10] Weighted Error Value: White=0.24 (precise) /Black=0.62} 1-0

[Event "Rosh Hashanah Rapid 2022"]
[Site "Ramat Gan"]
[Date "2022.09.25"]
[Round "1.2"]
[White "Sherman, Reem"]
[Black "Gorodetzky, David"]
[Result "0-1"]
[ECO "B15"]
[WhiteElo "2097"]
[BlackElo "2495"]
[Annotator "TA"]
[PlyCount "74"]
[EventDate "2022.09.25"]
[EventType "rapid"]
[EventCountry "ISR"]
[SourceTitle "playchess.com"]
[Source "ChessBase"]
[SourceQuality "1"]
[TimeControl "900+5"]

1. e4 c6 2. d4 d5 3. Nc3 a6 4. Nf3 Bg4 5. Be2 e6 6. O-O {[%emt 0:00:52] B15: Caro-Kann: 3 Nc3: 3...g6 and 3...dxe4 4 Nxe4 Nf6 5 Nxf6+ exf6.} Nf6 7. e5 Nfd7 8. Ne1 {[%emt 0:00:17] The position is equal.} Bxe2 9. Nxe2 c5 10. c3 Nc6 {[%emt 0:00:04] [#]} 11. Nc2 $146 ({Predecessor:} 11. Nd3 cxd4 12. cxd4 Be7 13. Be3 O-O 14. Nef4 Nb4 15. Qg4 Nxd3 16. Nxd3 Kh8 17. f4 {1-0 (88) Munoz Pantoja,M (2502)-Fluvia Poyatos,J (2425) Barcelona 2018}) 11... b5 12. f4 g6 13. Kh1 Be7 ({Black should play} 13... h5 $11) 14. Be3 ({White should try} 14. g4 $1 $14) 14... Qb6 15. dxc5 Bxc5 16. Ned4 Nxd4 (16... O-O $11 {keeps the balance.}) 17. Nxd4 (17. cxd4 $16 Bf8 18. Rc1) 17... Qc7 18. a4 bxa4 19. Qxa4 {[%emt 0:01:02] [#] Strongly threatening Nb5.} O-O 20. Nc2 (20. Ra2 $11 {remains equal.}) 20... Rfb8 $17 21. b4 Bxe3 22. Nxe3 Rc8 23. Rf3 a5 ({Of course not} 23... Nb6 $6 24. Qd1 $11) 24. Ng4 $2 {[%emt 0:00:47][%mdl 8192] Now White is beyond hope.} (24. bxa5 $17 Nc5 25. Qa2) 24... axb4 $19 25. Qxa8 Rxa8 26. Rxa8+ Kg7 27. h4 bxc3 {[%emt 0:00:17] [#] ...c2 is the strong threat.} 28. Ra1 h5 29. Nf2 Qc4 30. Rc1 c2 31. Nd3 d4 32. Ne1 Qe2 33. Nxc2 d3 34. Ne3 d2 35. Rd1 Nc5 {[%emt 0:00:02] Threatens to win with ...Qe1+.} 36. Rdf1 Nd3 {[%emt 0:00:10] And now ...Kh6 would win.} 37. Nd1 Ne1 {[%emt 0:00:01] Weighted Error Value: White=0.89/Black=0.37} 0-1

[Event "Rosh Hashanah Rapid 2022"]
[Site "Ramat Gan"]
[Date "2022.09.25"]
[Round "1.3"]
[White "Dvoirys, Semen I."]
[Black "Dvir, Ofir"]
[Result "0-1"]
[ECO "B01"]
[WhiteElo "2461"]
[BlackElo "2084"]
[Annotator "TA"]
[PlyCount "141"]
[EventDate "2022.09.25"]
[EventType "rapid"]
[EventCountry "ISR"]
[SourceTitle "playchess.com"]
[Source "ChessBase"]
[SourceQuality "1"]
[TimeControl "900+5"]

1. e4 d5 2. exd5 Qxd5 3. Nc3 Qa5 4. d4 Nf6 5. Nf3 Bf5 6. Ne5 c6 7. Bc4 e6 8. O-O Nbd7 9. Bf4 {[%emt 0:01:16] B01: Scandinavian Defence.} Bb4 10. Ne2 Nxe5 11. Bxe5 {[%emt 0:00:08] White has an edge.} (11. dxe5 Nh5 12. Be3 Qxe5 $15) 11... Be7 {[%emt 0:00:03] [#]} 12. Ng3 $146 ({Predecessor:} 12. c3 b5 13. Bd3 Bxd3 14. Qxd3 O-O 15. Qg3 Ne8 16. Qf3 Rc8 17. Qg3 Bf6 18. f4 {0-1 (32) Safronov,K-Tkachev,I (1950) St Petersburg 2009}) 12... Bg6 13. f4 {[%emt 0:00:20] Threatens to win with f5.} Ne4 $2 (13... O-O $14) 14. f5 $18 (14. Bxg7 Rg8 15. Be5 Nxg3 16. hxg3 Bf5 $11) (14. Nxe4 Bxe4 15. Qe2 (15. Bxg7 Rg8 $11) 15... Bd5 $16) 14... exf5 15. Nxf5 Bxf5 16. Rxf5 Nd6 17. Bxd6 {[%emt 0:00:42] A strong pair of Bishops.} Qxf5 $15 18. Qe2 (18. Bxe7 $15 Kxe7 19. Qd2) 18... Qd7 $1 $17 19. Bc5 {[%emt 0:02:08] Hoping for Rf1.} Kf8 20. Rf1 Bxc5 (20... f6 $1 $17 {Strongly threatening ...Bxc5.} 21. Bxe7+ (21. Be6 Qc7 $17) 21... Qxe7) 21. Rxf7+ $11 Qxf7 22. Bxf7 {[%emt 0:00:01] Black must now prevent Bb3.} Bxd4+ 23. Kh1 Kxf7 24. Qc4+ Kg6 25. Qd3+ Kf7 26. Qc4+ ({Of course not} 26. Qxd4 Rhe8 27. Qh4 Kg8 $15) 26... Kg6 27. Qxd4 {[%emt 0:00:42][%mdl 4096] Endgame KQ-KRR} Rad8 {[%emt 0:00:01] Prevents Qd6+.} (27... Rhd8 $11 28. Qe4+ Kf7) 28. Qe4+ {[%emt 0:00:06][%mdl 1024] White has compensation.} Kf6 (28... Kf7 $5 29. Qf4+ Ke6 30. Qe3+ Kf6 31. Qf4+ Ke7 32. Qe3+ Kf6 33. Qf2+ Kg6 34. Qg3+ Kf6 35. Qh4+ Kf7 36. Qf4+ Ke7 37. Qg5+ Kd7 $11) 29. Qf4+ Kg6 30. h4 Rd1+ 31. Kh2 Rhd8 $1 32. Qg3+ Kf7 {[%emt 0:00:06] Active counter play!} (32... Kf6 $11) 33. Qf2+ $2 ({White must play} 33. Qb3+ $18 Kf8 34. Qxb7) 33... Kg8 34. Qxa7 R8d7 35. a4 R1d4 36. Kh3 Kf7 37. a5 h6 38. c3 Rd3+ 39. Kh2 R3d5 40. b4 Rd3 (40... h5 $11) 41. Qc5 R3d5 42. Qc4 R7d6 (42... g6 $14) 43. Qg4 $16 Rd7 44. Qe4 (44. c4 $16 Rd4 45. Qf5+ Kg8 46. g3) 44... Re7 {[%emt 0:00:07] [#]} (44... g6 $1 $11 {remains equal.}) 45. Qf4+ (45. Qc4 $1 $16) 45... Ke8 (45... Kg8 $11) 46. c4 Rde5 47. g3 ({White should play} 47. Qf3 $16) 47... h5 $1 $11 48. Qf3 g6 $1 49. Qf6 R5e6 50. Qh8+ Kf7 $1 51. b5 cxb5 52. cxb5 Re1 {[%emt 0:00:02] ( -> ...R7e2+)} 53. Kg2 R7e2+ 54. Kf3 Re3+ 55. Kf4 {[%emt 0:00:01] And now Qh7+ would win.} Re6 {[%emt 0:00:18] [#]} (55... Re4+ $11 {keeps the balance.} 56. Kg5 Re5+ 57. Kh6 Rxb5) 56. Kg5 (56. Qd4 $1 $16) 56... R1e5+ 57. Kh6 g5+ 58. Kxh5 gxh4+ 59. Kxh4 {[%emt 0:00:01] Qh7+ is the strong threat.} Kg6 {[%emt 0:00:10][%mdl 8192] Inhibits Qh7+.} (59... Rxb5 $11 {and Black stays safe.} 60. Qh7+ Kf6) 60. a6 $4 (60. Qg8+ $18 Kf6 61. a6) 60... Re1 $4 (60... Re8 $19 61. Qxe5 Rxe5) 61. Qh5+ Kg7 62. Qg4+ Kh7 63. Kh3 $2 (63. Qf5+ $18 Rg6 64. Qf7+ Rg7 65. Qh5+ Kg8 66. Qd5+ Kh8 67. axb7 Rh7+ 68. Kg4 Rg7+ 69. Kh3) 63... bxa6 64. bxa6 {[%emt 0:00:14] a7 would kill now.} Rh6+ 65. Kg2 {[%emt 0:00:01] Intending a7 and mate.} Rhh1 $2 (65... Ra1 $11) 66. Qd7+ {[%emt 0:00:09] White mates.} ({Worse is} 66. a7 Rhg1+ 67. Kh2 Rh1+ 68. Kg2 Rhg1+ 69. Kh3 Rh1+ 70. Kg2 $11) 66... Kg6 67. Qc6+ Kf5 68. Qc5+ Ke4 69. a7 Ra1 70. a8=Q+ Rxa8 71. Qc6+ {[%emt 0:00:01][%mdl 32768] Weighted Error Value: White=0.32/Black=0.39. Loss on time!?} 0-1

[Event "Rosh Hashanah Rapid 2022"]
[Site "Ramat Gan"]
[Date "2022.09.25"]
[Round "1.4"]
[White "Zak, Arad"]
[Black "Sokolovsky, Yahli"]
[Result "0-1"]
[ECO "B55"]
[WhiteElo "2042"]
[BlackElo "2419"]
[Annotator "TA"]
[PlyCount "65"]
[EventDate "2022.09.25"]
[EventType "rapid"]
[EventCountry "ISR"]
[SourceTitle "playchess.com"]
[Source "ChessBase"]
[SourceQuality "1"]
[TimeControl "900+5"]

1. e4 c5 2. Nf3 d6 3. d4 cxd4 4. Nxd4 Nf6 5. f3 e5 6. Nb3 a5 {[%emt 0:00:45] B55: Sicilian: 2...d6 3 d4 cxd4 4 Nxd4 Nf6 5 f3.} 7. a4 Be6 8. Nc3 {[%emt 0:00:26] [#]} d5 $146 {[%emt 0:00:43][%cal Bd6d5,Bd5d4][%mdl 32] The position is equal.} ({Predecessor:} 8... Be7 9. Bb5+ Nc6 10. Nd5 O-O 11. Be3 Bxd5 12. exd5 Nb4 13. c4 Nh5 14. O-O Bg5 {1-0 (77) Drozdowski,K (2448)-Erdogdu,M (2407) Chess.com INT 2022}) 9. Bg5 (9. Nxd5 $14 Nxd5 10. Bb5+ (10. exd5 Bxd5 11. Bg5 Qxg5 $14) 10... Nc6 11. exd5 Bxd5 12. Be3) 9... d4 $15 {[%emt 0:00:28] aiming for ...Bb4.} 10. Nb5 Nc6 ({Black should try} 10... Bxb3 $15 11. Bxf6 gxf6 12. cxb3 Bb4+ 13. Kf2 Nd7) 11. Bd3 (11. Nd2 $1 $11) 11... Bb4+ 12. Bd2 ({White should play} 12. c3 $11 dxc3 13. bxc3) 12... Be7 13. O-O O-O 14. f4 exf4 (14... Rc8 $15) 15. Bxf4 $11 Rc8 16. e5 Ng4 17. Qe2 {[%emt 0:00:46] Prevents Ne3.} Ne3 18. Rf3 (18. Bxe3 $11 {keeps the balance.} dxe3 19. Qxe3) 18... Bg4 $17 19. h3 (19. Bxe3 $17 {keeps fighting.} Bxf3 20. gxf3 dxe3 21. Qxe3) 19... Bxf3 $19 20. Qxf3 Nb4 21. Be4 Nbxc2 22. Rc1 Qb6 {[%emt 0:00:35] Threatens to win with ...Rc4.} 23. Kh1 Bb4 $2 (23... Rfd8 $19 24. Qe2 Qe6 $1 25. Nxa5 Nb4) 24. Qh5 {[%emt 0:00:10] [#]} ({White has to play} 24. Qe2 $1 $15) 24... g6 ({Better is} 24... h6 $1 {Hoping for ...Qe6.} 25. Qe2 g5 26. Bxg5 hxg5) 25. Qh6 $2 {[%emt 0:00:03][%mdl 8192] White does not recover from this.} (25. Qe2 $17 Rfd8 26. Rxc2 (26. Bxc2 Nxc2 27. Rxc2 d3 $17) 26... Nxc2 27. Bxc2) 25... Be7 26. Nd6 $2 (26. Nd2) 26... Qxb3 27. Nf5 Nxf5 28. Bxf5 gxf5 29. Bg5 Rc6 30. Bf6 Bxf6 31. exf6 Qg3 {[%emt 0:00:00] ( -> ...Ne3)} 32. Qd2 Ne3 33. Ra1 {[%emt 0:00:12] Weighted Error Value: White=1.51/Black=0.25 (precise)} 0-1

[Event "Rosh Hashanah Rapid 2022"]
[Site "Ramat Gan"]
[Date "2022.09.25"]
[Round "1.5"]
[White "Zanan, Evgeny"]
[Black "Federovski, Adi"]
[Result "1-0"]
[ECO "B32"]
[WhiteElo "2485"]
[BlackElo "1967"]
[Annotator "TA"]
[PlyCount "59"]
[EventDate "2022.09.25"]
[EventType "rapid"]
[EventCountry "ISR"]
[SourceTitle "playchess.com"]
[Source "ChessBase"]
[SourceQuality "1"]
[TimeControl "900+5"]

1. e4 c5 2. Nf3 Nc6 3. Nc3 d6 4. d4 cxd4 5. Nxd4 e5 6. Ndb5 a6 7. Na3 Be6 8. Nd5 Nf6 9. Nxf6+ {[%emt 0:02:07] B32: Sicilian: Löwenthal and Kalashnikov Variations.} ({Better is} 9. Bg5 $1 $11) 9... Qxf6 $15 {[%emt 0:00:26] [#]} 10. Be2 $146 ({Predecessor:} 10. f3 Qg6 11. Be3 Rd8 12. c4 Be7 13. Qc2 O-O 14. O-O-O b5 15. Qf2 Rb8 16. h4 f6 {0-1 (33) Vetokhin,S (2309)-Atalik,S (2504) Paracin 2021}) 10... Qg6 11. Bf3 {[%emt 0:00:02] Black is slightly better.} Be7 (11... Nd4 $17 12. O-O Be7) 12. c3 $11 O-O 13. O-O f5 14. exf5 Bxf5 15. Nc4 Bd3 16. Be2 Be4 ({Black should play} 16... Bxe2 $11 17. Qxe2 Rad8) 17. f3 $14 Bf5 18. Ne3 $1 Be6 19. Bc4 {[%emt 0:00:16] Inhibits d5.} Bxc4 20. Nxc4 Qe6 21. Nb6 Rad8 {[%emt 0:00:15] [#] And now ...d5 would win.} 22. Qd5 Qxd5 23. Nxd5 Bf6 24. Be3 Rfe8 25. Rad1 {[%emt 0:00:05] White is more active.} Kf7 26. Rd3 h6 27. Rfd1 e4 (27... Bg5 $142) 28. fxe4 $16 Ne5 29. Nxf6 Nxd3 $4 {[%emt 0:00:06][%mdl 8192] [#]} (29... gxf6 $16 30. Rd4 (30. Rxd6 Rxd6 31. Rxd6 Nc4 $16) 30... h5) 30. Nxe8 {[%emt 0:00:03] Weighted Error Value: White=0.10 (very precise) /Black=0.47} 1-0

[Event "Rosh Hashanah Rapid 2022"]
[Site "Ramat Gan"]
[Date "2022.09.25"]
[Round "1.6"]
[White "Tashkinova, Sofiia"]
[Black "Levin, Guy"]
[Result "0-1"]
[ECO "B22"]
[WhiteElo "1938"]
[BlackElo "2382"]
[Annotator "TA"]
[PlyCount "98"]
[EventDate "2022.09.25"]
[EventType "rapid"]
[EventCountry "ISR"]
[SourceTitle "playchess.com"]
[Source "ChessBase"]
[SourceQuality "1"]
[TimeControl "900+5"]

1. e4 c5 2. Nf3 Nc6 3. c3 Nf6 4. Qc2 e5 5. Be2 d5 6. d3 {[%emt 0:00:57] B22: Sicilian: 2 c3.} Be7 7. O-O O-O 8. Bg5 {[%emt 0:00:28] Black is slightly better.} Be6 9. Nbd2 {[%emt 0:00:13] [#]} Nd7 $146 ({Predecessor:} 9... h6 10. Bxf6 Bxf6 11. a3 Rc8 12. Rab1 b5 13. Rfc1 Qb6 14. Qd1 d4 15. c4 b4 {1-0 (33) Pakleza,Z (2499)-Martin Hernandez,R (2184) Santa Cruz de La Palma 2019}) 10. Bxe7 Qxe7 11. Nb3 f5 12. Nfd2 {[%emt 0:00:37] Prevents c4.} (12. exd5 $15 Bxd5 13. Nfd2) 12... c4 $1 $17 13. dxc4 dxe4 14. Rfe1 Rf6 {[%emt 0:00:15] Black is more active.} 15. Nf1 Qf7 16. Rad1 Nb6 (16... Rf8 $17) 17. Nc5 $15 Bxc4 18. Bxc4 Qxc4 19. Nd7 (19. Qb3 $15) 19... Rf7 ({Don't take} 19... Qxa2 20. Nxf6+ (20. Ra1 Qe6 $16) 20... gxf6 21. Rd6 $16) (19... Nxd7 $17 20. Rxd7 Nd4 $1) 20. Nxb6 axb6 21. a3 {[%emt 0:00:06] [#]} Qc5 ({Black should try} 21... Nd4 $1 $15 22. Qd2 Ne6) 22. Qb3 {[%emt 0:00:26][%mdl 1024] White has compensation.} Na5 23. Qe6 {[%emt 0:00:21] Threatens to win with b4.} Qc6 24. Rd6 Qe8 (24... Qc8 $1 $11) 25. Qd5 $14 Nc6 26. Rd1 g6 27. Rf6 (27. Ne3 $16) 27... Rd8 $11 28. Qxf7+ (28. Rd6 $1 $11 Rxd6 29. Qxd6) 28... Qxf7 $17 29. Rxd8+ Nxd8 30. Rxf7 Kxf7 $11 {[%emt 0:00:02][%mdl 4096] Endgame KN-KN} 31. Ne3 Ke6 32. Kf1 (32. a4 $17 {was called for.}) 32... b5 $19 33. Ke2 Nf7 34. c4 f4 35. Nd5 bxc4 36. Nc7+ Kd6 37. Nb5+ Kc5 38. Nc3 Nd6 39. g3 g5 40. h4 (40. Kd1 $142 h5 41. Ke1) 40... h6 41. hxg5 hxg5 42. gxf4 exf4 {[%emt 0:00:02][%cal Be5f4,Bf4f3][%mdl 32] ...g4 is the strong threat.} 43. Na4+ Kd4 44. Nb6 g4 {[%emt 0:00:14] Black mates.} 45. Nd7 f3+ 46. Ke1 e3 47. fxe3+ Kxe3 48. Ne5 g3 49. Kf1 g2+ {[%emt 0:00:09] Weighted Error Value: White=0.48/Black=0.21 (precise)} 0-1

[Event "Rosh Hashanah Rapid 2022"]
[Site "Ramat Gan"]
[Date "2022.09.25"]
[Round "1.7"]
[White "Aizenberg, Benny"]
[Black "Azikri, Gur"]
[Result "1-0"]
[ECO "B09"]
[WhiteElo "2412"]
[BlackElo "1937"]
[Annotator "TA"]
[PlyCount "59"]
[EventDate "2022.09.25"]
[EventType "rapid"]
[EventCountry "ISR"]
[SourceTitle "playchess.com"]
[Source "ChessBase"]
[SourceQuality "1"]
[TimeControl "900+5"]

1. e4 d6 2. d4 Nf6 3. Nc3 g6 4. f4 Bg7 5. Nf3 O-O 6. Bd3 a6 7. e5 {[%emt 0:00:07] B09: Pirc Defence: Austrian Attack.} dxe5 8. fxe5 {[%emt 0:00:02] [#]} Nh5 $146 ({Predecessor:} 8... Nd5 9. Nxd5 Qxd5 10. c4 Qd8 11. O-O Bg4 12. Be4 Nc6 13. Be3 f6 14. Qb3 Bxf3 15. Bxf3 Nxd4 16. Qxb7 Nxf3+ 17. Qxf3 fxe5 {½-½ (57) Vucinic,G (2291)-Tosic,M (2414) Belgrade 2016}) 9. Be3 {[%emt 0:00:35] White is slightly better.} Nc6 10. Qd2 Bg4 11. Ne2 f6 12. exf6 Bxf6 13. O-O-O Kh8 14. Be4 Qd6 15. h3 Bxf3 16. Bxf3 Ng7 17. h4 (17. g4 $16) 17... Nf5 (17... e5 $1 $14) 18. Bf4 {[%emt 0:00:00] This bishop pair is nice.} ({White should play} 18. h5 $16 {hxg6 is the strong threat.} Nxe3 19. Qxe3) 18... Qd7 $2 {[%emt 0:00:26] Loses the game.} (18... e5 $11 19. dxe5 Nxe5) 19. h5 $18 {[%emt 0:00:00] [#] Hoping for hxg6.} Kg7 (19... g5 {is more resistant.}) 20. hxg6 hxg6 21. Bh6+ Nxh6 (21... Kf7 $142 22. Bxf8 Rxf8) 22. Qxh6+ {[%emt 0:00:00] White is clearly winning.} Kf7 23. Qh7+ Ke8 24. Qxg6+ Kd8 25. Nf4 Qd6 26. Qf5 Qd7 27. Ne6+ Kc8 28. Qe4 Rg8 29. Rd3 Kb8 30. Rb3 {[%emt 0:00:00] Weighted Error Value: White=0.52/Black=0.61} 1-0

[Event "Rosh Hashanah Rapid 2022"]
[Site "Ramat Gan"]
[Date "2022.09.25"]
[Round "1.8"]
[White "Orian, Noga"]
[Black "Veinberg, Nimrod"]
[Result "0-1"]
[ECO "E11"]
[WhiteElo "1908"]
[BlackElo "2400"]
[Annotator "TA"]
[PlyCount "88"]
[EventDate "2022.09.25"]
[EventType "rapid"]
[EventCountry "ISR"]
[SourceTitle "playchess.com"]
[Source "ChessBase"]
[SourceQuality "1"]
[TimeControl "900+5"]

1. d4 Nf6 2. c4 e6 3. Nf3 d5 4. g3 Bb4+ 5. Bd2 Be7 6. Bg2 O-O 7. O-O c6 8. Bc3 Ne4 9. Nfd2 {[%emt 0:00:53] E11: Bogo-Indian.} Nxc3 10. Nxc3 Nd7 {[%emt 0:00:01] [#]} 11. cxd5 $146 {[%emt 0:01:00] The position is equal.} ({Predecessor:} 11. e4 e5 12. cxd5 exd4 13. Ne2 cxd5 14. exd5 Nb6 15. Qb3 Bf6 16. Ne4 Re8 17. Rfe1 Bf5 18. Nf4 Bxe4 19. Bxe4 Qd6 20. Nd3 {½-½ (20) Iturrizaga Bonelli,E (2636)-Santos Latasa,J (2572) Tegernsee 2018}) 11... exd5 12. e4 dxe4 13. Ndxe4 Nf6 {[%emt 0:00:02] Inhibits d5.} 14. Qd2 Be6 15. Rfd1 Qb6 16. Nxf6+ Bxf6 17. Ne4 Be7 18. Qc3 Rad8 19. Nc5 Bd5 (19... Bg4 $5 20. Rd2 Bg5 $15) 20. Bh3 Qc7 {[%emt 0:00:46] Against Nd7} 21. Nd3 Bd6 {[%emt 0:00:57] This bishop pair is nice.} 22. Nb4 Be4 23. Bg2 Rfe8 24. Bxe4 Rxe4 25. Re1 Rxe1+ 26. Rxe1 Qa5 27. Nc2 Qd5 28. a3 (28. Ne3 $5 Qxa2 29. Nf5 $11) 28... Bf8 29. Re5 Qd7 30. Qe3 g6 31. Qe4 Bd6 32. Ra5 a6 33. Ra4 Re8 34. Qd3 {[%emt 0:00:02] [#]} (34. Qf3 $17 {only move.}) 34... c5 ({Black should play} 34... b5 $1 $19 35. Rxa6 Qb7) 35. Rc4 b5 36. Rc3 c4 $36 {[%emt 0:00:01][%mdl 2048] White is under pressure.} 37. Qf3 Bf8 {[%emt 0:00:47][%cal Bd6f8,Bf8h6,Bh6g7,Bg7d4,Bd4f2][%mdl 32] Black is more active.} 38. Re3 Rd8 39. b3 Bh6 (39... Rc8 $5 40. Rc3 a5 $15) 40. Re5 (40. Re1 $15) 40... Bg7 $17 41. Re1 (41. Re2 $15) 41... Bxd4 42. Rd1 $2 {[%emt 0:00:02][%mdl 8192] [#]} (42. bxc4 $17 bxc4 43. Re4) 42... Bxf2+ $1 $19 {[%emt 0:00:02][%mdl 512] Black is clearly winning.} 43. Kxf2 Qxd1 44. Qxd1 Rxd1 {[%emt 0:00:02] Weighted Error Value: White=0.35/Black=0.12 (very precise)} 0-1

[Event "Rosh Hashanah Rapid 2022"]
[Site "Ramat Gan"]
[Date "2022.09.25"]
[Round "1.9"]
[White "Mindlin, Alon"]
[Black "Sorin, Itay"]
[Result "1-0"]
[ECO "A80"]
[WhiteElo "2426"]
[BlackElo "1934"]
[Annotator "TA"]
[PlyCount "74"]
[EventDate "2022.09.25"]
[EventType "rapid"]
[EventCountry "ISR"]
[SourceTitle "playchess.com"]
[Source "ChessBase"]
[SourceQuality "1"]
[TimeControl "900+5"]

1. d4 f5 2. Bg5 d5 3. e3 g6 4. c4 c6 5. Nc3 Bg7 6. Qb3 {[%emt 0:00:26][%cal Rc4d5] A80: Dutch Defence: Unusual White second moves.} h6 {[%emt 0:00:28] [#]} 7. Bf4 $146 ({Predecessor:} 7. Bh4 g5 8. Bg3 Nf6 9. Nf3 Qb6 10. Qxb6 axb6 11. cxd5 cxd5 12. Bc7 Be6 13. Bxb6 {½-½ (54) Vager,I (2209)-Jaghubov,E (2315) St Petersburg 1999}) 7... Nf6 8. cxd5 {[%emt 0:00:09] White is better.} cxd5 9. Nf3 {[%emt 0:00:24] Strongly threatening Bb5+. White is much more active.} Nc6 10. Bb5 {[%emt 0:00:06] [#] Ne5 is the strong threat.} O-O 11. Ne5 Nxe5 12. Bxe5 Be6 13. O-O a6 (13... Ne4 $11) 14. Bd3 $36 {[%emt 0:00:02][%mdl 2048] White is in control. Black is now going downhill.} b5 15. Rfc1 g5 (15... Ng4 $142) 16. a4 $16 bxa4 (16... Ng4 $16 {was necessary.}) 17. Nxa4 $18 {[%emt 0:00:06] Threatens to win with Nb6.} ({Don't do} 17. Rxa4 Ne4 $16) 17... f4 $2 (17... Nd7 {keeps fighting.}) 18. exf4 gxf4 19. Qb6 (19. Nb6 $142 Rb8 20. Rxa6) 19... Qxb6 20. Nxb6 Rad8 21. Rxa6 Ne4 22. Ra7 {[%emt 0:02:30] And now Rc6 would win.} Rf7 23. f3 Nd2 (23... Nd6 24. Bg6 Rf6) 24. Bg6 Bxe5 25. Bxf7+ ({Stronger than} 25. dxe5 Rg7 26. Bh5 Nc4 $14) 25... Kxf7 26. dxe5 Rb8 27. Rc6 d4 28. Na4 {[%emt 0:00:42] [#] Hoping for Nc5.} Nc4 (28... Nb3 $142 29. Rcc7 Re8) 29. Nc5 Rxb2 30. Rxe6 Ne3 31. Rexe7+ Kg6 32. Ra1 {[%emt 0:00:22] Black must now prevent Nd3.} Rc2 33. Nd3 Nxg2 34. Kh1 Nh4 35. Rg1+ Kf5 36. Rf7+ Ke6 37. Rxf4 Kd5 {[%emt 0:00:28] Weighted Error Value: White=0.19 (very precise) /Black=0.71} 1-0

[Event "Rosh Hashanah Rapid 2022"]
[Site "Ramat Gan"]
[Date "2022.09.25"]
[Round "1.10"]
[White "Kinberg, Ofer"]
[Black "Ben Ari, Yannay"]
[Result "0-1"]
[ECO "A63"]
[WhiteElo "1934"]
[BlackElo "2387"]
[Annotator "TA"]
[PlyCount "79"]
[EventDate "2022.09.25"]
[EventType "rapid"]
[EventCountry "ISR"]
[SourceTitle "playchess.com"]
[Source "ChessBase"]
[SourceQuality "1"]
[TimeControl "900+5"]

1. d4 Nf6 2. c4 e6 3. g3 c5 4. d5 exd5 5. cxd5 d6 6. Nc3 g6 7. Bg2 Bg7 8. Nf3 O-O 9. O-O a6 10. a4 Nbd7 11. Bf4 Qe7 12. h3 {[%emt 0:02:51] 12.Re1 is more fashionable.} (12. a5 $14) 12... Rb8 {[%emt 0:01:37] A63: Modern Benoni: Fianchetto Variation: 9...Nbd7.} (12... Nh5 $5 ) 13. Qd3 Ne8 14. Nd2 Ne5 {[%emt 0:00:22] The position is equal.} (14... b5 {is more complex.} 15. axb5 axb5 16. Ra7 f5) 15. Bxe5 {[%emt 0:00:11] [#]} Bxe5 $146 ({Predecessor:} 15... dxe5 16. Nc4 b5 17. axb5 axb5 18. Na5 c4 19. Qe3 Qc7 20. Nc6 Rb7 21. d6 Nxd6 22. Nd5 Qd7 23. Nde7+ Kh8 24. Rfd1 Qe6 25. Nxc8 Rxc8 26. Na7 Rcb8 {1-0 (26) Turan,A (1956)-Hurdzan,T (2223) Mamaia 2017}) 16. Nc4 Bg7 17. Rfe1 Bd7 18. Nb6 Qd8 19. a5 Nc7 20. Rec1 Re8 21. Qd2 f5 22. Kh2 Nb5 23. e3 Re7 24. Nc4 Qc7 (24... Nxc3 $11 25. bxc3 Bb5) 25. Qd3 (25. Ne2 $1 $14) 25... Nxc3 $15 26. bxc3 Bb5 27. Qe2 Rf8 {[%emt 0:00:13][%cal Of5f4] aiming for ...f4!} 28. Qa2 h5 {[%emt 0:00:07] Black is more active.} (28... g5 $17 29. Bf3 Qd8) 29. Nb6 {[%emt 0:00:02] White does not recover from this.} ({Better is} 29. h4 $15) 29... h4 $19 {[%emt 0:00:06] Strongly threatening ...hxg3+.} 30. c4 (30. Qd2 $142) 30... hxg3+ 31. fxg3 Bxa1 ({Inferior is} 31... Rxe3 32. Qd2 f4 33. gxf4 $17) 32. cxb5 Bg7 ({And not} 32... Rxe3 33. Nc4 Bd4 34. Nxe3 Bxe3 35. Re1 $17) 33. bxa6 bxa6 34. Qe2 (34. Nc4 $142) 34... f4 35. gxf4 Rxf4 36. Qxa6 $2 (36. Qd3 Rf5 37. e4 Be5+ 38. Kh1) 36... Rxe3 {[%emt 0:00:10] [#] ( -> ...Qe7)} 37. Qc8+ Qxc8 38. Nxc8 Rf2 {[%emt 0:00:04] ...Ra2 is the strong threat.} 39. Nxd6 Ree2 40. Ra1 {[%emt 0:00:16] Weighted Error Value: White=0.93/Black=0.17 (very precise)} 0-1